 Dungeon Crawl Stone Soup version 0.21-b1-19-g8321a34dda (webtiles) character file.

1563 Burgietje the Chopper (level 8, -1/53 HPs)
             Began as a Gargoyle Monk on Jan 3, 2018.
             Was a Priest of Okawaru.
             Slain by an ice beast (11 damage)
             ... on level 5 of the Dungeon.
             The game lasted 00:06:13 (4548 turns).

Burgietje the Chopper (Gargoyle Monk)               Turns: 4548, Time: 00:06:14

Health: -1/53      AC: 11    Str: 15    XL:     8   Next: 89%
Magic:  10/12      EV: 11    Int: 11    God:    Okawaru [***...]
Gold:   313        SH:  0    Dex: 14    Spells: 7/7 levels left

rFire    . . .     SeeInvis .   e - +1 hand axe (freeze)
rCold    . . .     Gourm    .   (no shield)
rNeg     + . .     Faith    .   x - +1 ring mail
rPois    ∞         Spirit   .   (no helmet)
rElec    +         Reflect  .   (no cloak)
rCorr    .         Harm     .   (no gloves)
MR       .....                  (no boots)
Stlth    +.........             i - amulet of magic regeneration
HPRegen  0.17/turn              (no ring)
MPRegen  0.38/turn              (no ring)

@: no status effects
A: negative energy resistance 1, electricity resistance, unbreathing,
petrification resistance, rot immunity, AC +5
a: Heroism, Renounce Religion


You were on level 5 of the Dungeon.
You worshipped Okawaru.
Okawaru was most pleased with you.
You were not hungry.

You visited 2 branches of the dungeon, and saw 6 of its levels.
You also visited: Ossuary.

You collected 313 gold pieces.

Inventory:

Hand Weapons
 e - a +1 hand axe of freezing (weapon)
Armour
 x - a +1 ring mail (worn)
Jewellery
 i - an amulet of magic regeneration (around neck)
Wands
 n - a wand of iceblast (14)
 p - a wand of paralysis (25)
 q - a wand of flame (28)
Scrolls
 a - a scroll of identify
 d - a scroll of teleportation
 g - 2 scrolls of remove curse
 h - a scroll of magic mapping
 k - a scroll of random uselessness
 o - a scroll of fear
Potions
 j - 4 potions of ambrosia
 l - 2 potions of lignification
 m - a potion of heal wounds
 r - 3 potions of degeneration
 t - 3 potions of flight
 u - 2 potions of mutation {unknown}
 v - 2 potions of haste
 w - a potion of might {unknown}
 z - a potion of agility {unknown}
Books
 b - a book of Geomancy

   Spells                             Type                      Level
   a - Sandblast                      Earth                        1
   b - Passwall                       Transmutation/Earth          2
   c - Stone Arrow                    Conjuration/Earth            3
   d - Petrify                        Transmutation/Earth          4
   e - Lee's Rapid Deconstruction     Earth                        5
 f - a book of Misfortune

   Spells                             Type                      Level
   a - Confusing Touch                Hexes                        1
   b - Confuse                        Hexes                        3
   c - Gell's Gravitas                Translocation                3
   d - Petrify                        Transmutation/Earth          4
   e - Metabolic Englaciation         Hexes/Ice                    5
   f - Yara's Violent Unravelling     Hexes/Transmutation          5
Comestibles
 c - 11 rations


   Skills:
 - Level 7.0 Fighting
 + Level 7.5 Axes
 - Level 2.4 Dodging
 - Level 2.1 Stealth
 + Level 5.4 Invocations


You had 7 spell levels left.
You didn't know any spells.

Dungeon Overview and Level Annotations

Branches:
Dungeon (5/15)             Temple (1/1) D:4

Altars:
Ashenzari
Cheibriados
Dithmenos
Elyvilon
Fedhas
Gozag
Hepliaklqana
Kikubaaqudgha
Makhleb
Nemelex Xobeh
Okawaru
Qazlal
Ru
Sif Muna
Trog
Uskayaw
Vehumet
Xom
Yredelemnul
Zin
The Shining One


Innate Abilities, Weirdness & Mutations

You are resistant to torment.
Your stone body is resilient. (AC +5)
You are immune to poison.
You resist negative energy. (rN+)
You are resistant to electric shocks. (rElec)
You can survive without breathing.
You are immune to petrification.
You are immune to rotting.


Message History

The two-headed ogre is almost dead.
The two-headed ogre hits you but does no damage.
The two-headed ogre closely misses you.
You slash the two-headed ogre! You freeze the two-headed ogre.
You kill the two-headed ogre!
Okawaru is honoured by your kill.
Okawaru will gift you ammunition as your piety grows.
You hear a splash. x2
Your base Axes skill increases to level 7!
Your Invocations skill gained 3 levels and is now at level 5!
You hit the ice beast.
The ice beast is moderately wounded.
The ice beast completely misses you.
You hit the ice beast but do no damage.
The ice beast is moderately wounded.
You feel like a meek peon again. The ice beast hits you.
* * * LOW HITPOINT WARNING * * *
The ice beast freezes you!
You die...

♣........###...########
♣♣#####..###...# # ≈♣♣♣
#..##....# ≈P≈♣≈
#..##.#..######## ≈≈≈≈≈♣
#..##.#.........#
≈≈P≈≈≈♣#...#.##.###.##.#
P≈P≈≈≈≈..#.#.##...♣♣.#..
.........#....#...≈≈....
≈≈≈≈≈♣@....#...≈≈≈.≈≈..
≈≈≈≈≈≈Y♣##....#♣≈≈♣≈≈≈..
≈≈≈≈≈≈≈ #.#.##..≈≈≈≈≈P#
♣≈≈≈≈≈P #.#.##.≈♣≈≈.≈.#
♣≈≈≈≈≈≈ #.#.##♣≈≈≈≈≈≈.#
♣P≈PP≈≈ #.#.##.≈≈≈≈≈≈..
≈P≈♣≈≈≈ #.#....≈.≈≈≈...
###≈≈≈# #.####P≈≈≈≈≈P..
#.......≈≈≈P...


You could see an ice beast.

Vanquished Creatures
  A two-headed ogre (D:5)
  Sigmund (D:2)
  4 killer bees (D:5)
  A crimson imp (D:5)
  A bullfrog skeleton (D:4)
  4 orc wizards (D:4)
  5 worker ants
  2 big kobold zombies (Ossuary)
  2 mummies (Ossuary)
  Robin (D:2)
  8 adders
  3 gnolls (D:3)
  7 adder zombies (Ossuary)
  A worm (D:5)
  4 dart slugs
  4 leopard geckos
  5 orcs
  5 giant cockroaches
  18 goblins
  4 hobgoblins
  2 jackals (D:3)
  A quokka (D:3)
  A ball python (D:1)
  A ball python zombie (D:5)
  4 bats
  4 frilled lizards
  2 gnoll zombies (Ossuary)
  9 hobgoblin zombies (Ossuary)
  4 kobolds
  6 kobold zombies (Ossuary)
  3 orc zombies (Ossuary)
  6 rats
124 creatures vanquished.

Notes
Turn   | Place    | Note
-------+----------+-------------------------------------------
     0 | D:1      | Burgietje the Gargoyle Monk began the quest for the Orb.
     0 | D:1      | Reached XP level 1. HP: 14/14 MP: 1/1
   131 | D:1      | Reached XP level 2. HP: 14/19 MP: 2/2
   430 | D:2      | Reached XP level 3. HP: 7/24 MP: 3/3
   672 | D:2      | Noticed Robin
   716 | D:2      | Killed Robin
   716 | D:2      | Reached XP level 4. HP: 7/30 MP: 4/4
  1069 | D:2      | Noticed Sigmund
  1082 | D:2      | Killed Sigmund
  1082 | D:2      | Reached skill level 5 in Fighting
  1082 | D:2      | Reached XP level 5. HP: 15/35 MP: 5/5
  1322 | D:2      | Reached XP level 6. HP: 31/40 MP: 6/6
  2032 | D:3      | Found a sacrificial altar of Ru.
  2576 | D:4      | Found a sand-covered staircase.
  2594 | Ossuary  | Entered an ossuary
  2636 | Ossuary  | Reached skill level 5 in Axes
  3157 | D:4      | Reached XP level 7. HP: 42/47 MP: 7/7
  3219 | D:4      | Found a staircase to the Ecumenical Temple.
  3239 | Temple   | Entered the Ecumenical Temple
  3310 | Temple   | Became a worshipper of Warmaster Okawaru
  3310 | Temple   | Reached * piety under Okawaru
  3310 | Temple   | Reached ** piety under Okawaru
  3738 | D:4      | Found a bloodstained altar of Trog.
  3745 | D:4      | Found an ancient bone altar of Kikubaaqudgha.
  3815 | D:5      | Entered Level 5 of the Dungeon
  3949 | D:5      | Reached skill level 1 in Invocations
  4049 | D:5      | Reached XP level 8. HP: 33/53 MP: 9/9
  4526 | D:5      | Noticed a two-headed ogre
  4546 | D:5      | Killed a two-headed ogre
  4546 | D:5      | Reached *** piety under Okawaru
  4546 | D:5      | Reached skill level 5 in Invocations
  4548 | D:5      | Slain by an ice beast

Skill      XL: |  1  2  3  4  5  6  7  8 |
---------------+-------------------------+-----
Axes           | 3 4 5 6 7 |  7.5
Fighting       | 4 5 6 7 |  7.0
Invocations    | 2 5 |  5.4
Dodging        | |  2.4
Stealth        | |  2.1

Action                   |  1- 3 |  4- 6 |  7- 9 || total
-------------------------+-------+-------+-------++-------
Melee: Hand axe          |    78 |   236 |   144 ||   458
       Punch             |       |       |     1 ||     1
Invok: Heroism           |       |       |     1 ||     1
  Use: Potion            |       |     2 |       ||     2
       Scroll            |       |    14 |       ||    14
 Stab: Sleeping          |     2 |    11 |     1 ||    14
  Eat: Chunk             |       |     5 |     4 ||     9
       Ration            |       |     1 |       ||     1
Armor: Robe              |    26 |    68 |       ||    94
       Ring mail         |       |     2 |    72 ||    74
Dodge: Dodged            |    58 |   156 |    80 ||   294
